 Dungeon Crawl Stone Soup version 0.28.0-45-g0d030f2227 (webtiles) character file.

Game seed: 1997985470754773278

8467 mortz the Thaumaturge (level 11, 0/55 HPs)
             Began as a Deep Elf Air Elementalist on Apr 4, 2022.
             Was an Elder of Elyvilon.
             Slain by Snorg (11 damage)
             ... on level 10 of the Dungeon.
             The game lasted 01:28:27 (14856 turns).

mortz the Thaumaturge (Deep Elf Air Elementalist)  Turns: 14856, Time: 01:28:27

Health: 0/55       AC: 11    Str:  7    XL:     11   Next: 10%
Magic:  21/29      EV: 13    Int: 35    God:    Elyvilon [****..]
Gold:   628        SH:  0    Dex: 15    Spells: 19/34 levels left

rFire   . . .      SeeInvis .   n - +8 hand axe of Dust {freeze, rC+ Will++, axe}
rCold   + . .      Faith    .   (no shield)
rNeg    . . .      Spirit   .   O - +1 steam dragon scales
rPois   .          Reflect  .   I - +1 helmet
rElec   .          Harm     .   s - +0 cloak
rCorr   .          Rampage  .   (no gloves)
Will    +++..                   r - +1 pair of boots
Stlth   +++.......              (no amulet)
HPRegen 0.18/turn               d - +6 ring of intelligence
MPRegen 0.21/turn               J - +6 ring of intelligence

@: about to teleport
A: no striking features
a: Renounce Religion, Purification, Heal Other, Heal Self


You were on level 10 of the Dungeon.
You worshipped Elyvilon.
Elyvilon was greatly pleased with you.
You visited 1 branch of the dungeon, and saw 10 of its levels.

You collected 628 gold pieces.


   Skills:
 + Level 0.8 Fighting
 + Level 0.3 Axes
 + Level 1.2 Armour
 + Level 3.2 Dodging
 + Level 4.0 Stealth
 + Level 12.4 Spellcasting
 + Level 5.3 Conjurations
 * Level 5.2 Fire Magic
 * Level 4.7 Ice Magic
 * Level 11.1 Air Magic
 + Level 3.6 Invocations


You had 19 spell levels left.
You knew the following spells:

 Your Spells              Type           Power      Damage    Failure   Level
a - Shock                 Conj/Air       100%       1d9       1%          1
b - Static Discharge      Conj/Air       68%        N/A       1%          2
c - Airstrike             Air            39%        N/A       1%          4
d - Flame Wave            Conj/Fire      56%        2d11      2%          4
e - Hailstorm             Conj/Ice       55%        3d12      2%          4

Your spell library contained the following spells:

 Spells                   Type           Power      Damage    Failure   Level
 Freeze                   Ice            100%       1d11      1%          1
 Scorch                   Fire           100%       2d10      1%          2
 Frozen Ramparts          Ice            100%       1d12      1%          3
 Swiftness                Air            79%        N/A       1%          3
 Ice Form                 Ice/Tmut       38%        N/A       8%          4
 Simulacrum               Ice/Necr       19%        N/A       75%         6
 Summon Cactus Giant      Summ           10%        N/A       96%         6

Inventory:

Hand Weapons
 f - a +2 spear of freezing {polearm}
   (You took it off a gnoll sergeant on level 9 of the Dungeon)
 h - a +2 vorpal spear {polearm}
   (You took it off a gnoll on level 9 of the Dungeon)
 l - a +0 great sword {long}
   (You found it on level 2 of the Dungeon)
 n - the +8 hand axe of Dust (weapon) {freeze, rC+ Will++, axe}
   (You found it on level 6 of the Dungeon)

   It freezes those it strikes, dealing additional cold damage.
   It can also slow down cold-blooded creatures.
   rC:        It protects you from cold.
   Will:      It greatly increases your willpower.
 t - a +4 dagger {short}
   (You took it off a goblin on level 3 of the Dungeon)
 y - a +2 mace of holy wrath {mace}
   (You found it on level 4 of the Dungeon)
 D - a +0 halberd of flaming {polearm}
   (You found it on level 6 of the Dungeon)
 S - a +3 dire flail {mace}
   (You took it off a wight on level 9 of the Dungeon)
Missiles
 m - 12 poisoned darts {throwing}
 w - 9 boomerangs {throwing}
Armour
 q - a +0 chain mail of fire resistance
   (You took it off an orc warrior on level 9 of the Dungeon)
 r - a +1 pair of boots (worn)
   (You found it on level 3 of the Dungeon)
 s - a +0 cloak (worn)
   (You found it on level 3 of the Dungeon)
 v - the +8 chain mail of Responsibility {rCorr Str-5 SInv}
   (You found it on level 6 of the Dungeon)

   Str:       It affects your strength (-5).
   SInv:      It lets you see invisible.
   rCorr:     It protects you from acid and corrosion.
 x - a +4 chain mail
   (You took it off Duvessa on level 4 of the Dungeon)
 B - the +1 leather armour of Zatonuogh {rElec Str-2 Int+5 SInv}
   (You found it on level 4 of the Dungeon)

   Str:       It affects your strength (-2).
   Int:       It affects your intelligence (+5).
   rElec:     It insulates you from electricity.
   SInv:      It lets you see invisible.
 I - a +1 helmet (worn)
   (You found it on level 5 of the Dungeon)
 N - a scarf of invisibility
   (You found it on level 8 of the Dungeon)
 O - +1 steam dragon scales (worn)
   (You found it on level 8 of the Dungeon)
 Q - a +0 plate armour
   (You took it off an orc warrior on level 7 of the Dungeon)
Magical Staves
 F - a staff of poison {!astaff}
   (You found it on level 4 of the Dungeon)
Jewellery
 c - a ring of fire
   (You found it on level 8 of the Dungeon)
 d - a +6 ring of intelligence (left hand)
   (You found it on level 8 of the Dungeon)
 p - an amulet of faith {!P}
   (You found it on level 6 of the Dungeon)
 u - a ring of poison resistance
   (You found it on level 3 of the Dungeon)
 J - a +6 ring of intelligence (right hand)
   (You found it on level 6 of the Dungeon)
Wands
 z - a wand of digging (8)
   (You took it off Duvessa on level 4 of the Dungeon)
 E - a wand of polymorph (5)
   (You found it on level 4 of the Dungeon)
 K - a wand of mindburst (5)
   (You found it on level 9 of the Dungeon)
 L - a wand of iceblast (7)
   (You found it on level 6 of the Dungeon)
 M - a wand of paralysis (4)
   (You took it off a deep elf pyromancer on level 9 of the Dungeon)
Scrolls
 a - 2 scrolls of fear
 i - a scroll of amnesia {unknown}
 k - a scroll of identify {@r1}
 C - a scroll of magic mapping {!r}
 P - 2 scrolls of enchant weapon
 R - a scroll of vulnerability {unknown}
Potions
 b - a potion of haste {@q3}
 e - 3 potions of might
 j - 7 potions of curing {@q1}
 o - 3 potions of attraction {!q}
 A - 4 potions of brilliance
 G - 3 potions of heal wounds {@q2}
 H - a potion of berserk rage {!q}
 T - a potion of resistance {unknown}

Dungeon Overview and Level Annotations

Branches:
Dungeon (10/15)            Temple (0/1) D:4            Lair (0/6) D:10
    Orc: D:9-12

Altars:
Elyvilon

Shops:
D:6 =

Portals:
Trove: D:10 (show slimy rune of Zot)

Annotations:
D:8 exclusion: orc, Erica
D:10 Snorg

#..........#.###[#
#..........'h# #.#
##..........#.###.#
#..##########.....#
##.................#
#..................#
##.#................#
#..#................#
##.....T@............#
#..##................#
#.###................#
##....................#
#..##########'#.......
#....T........#..##...
#..............#.......
#..............#.....
#...............# ...


You could see Snorg (berserk).


Message History

You now have 611 gold pieces (gained 7).
You see here a +0 quarterstaff {staff}.
You open the door.
Found a portal to a secret trove of treasure.
There is an open door here.
There is a portal to a secret trove of treasure here.
This trove requires the presence of the slimy rune of Zot to function.
Show it the item?
Okay, then.
There is an open door here.
You open the door.
There is an open door here.
You open the door.
There is an open door here.
There is an open door here.
As you open the door, it creaks loudly!
There is an open door here.
You start waiting.
Done waiting.
You open the door.
There is an open door here.
There is an open door here.
You open the door.
There is an open door here.
m - 12 poisoned darts {throwing} (gained 5)
Press: ? - help, . - travel You can't see that place. [the floor.] Reduced exclusion size to a single square.
Removed exclusion.
Unknown command.
You now have 628 gold pieces (gained 17).
P - 2 scrolls of enchant weapon Unknown command.
Unknown command.
Unknown command.
Unknown command.
Unknown command.
Unknown command.
Unknown command.
Unknown command.
Unknown command.
Unknown command.
Unknown command.
Unknown command.
Unknown command.
Unknown command.
Unknown command.
Unknown command.
Unknown command.
Unknown command.
Unknown command.
Save game and exit?
Level annotation: Snorg 🤖 Initializing magus.rc ... ✅ Successfully initialized magus.rc [v1.9.6] Welcome back, mortz the Deep Elf Air Elementalist.
Elyvilon says: Go forth and aid the weak!
Press ? for a list of commands and other information.
Snorg shouts!
There is an open door here.
Snorg goes berserk!
Snorg rages.
Snorg barely misses you. Snorg claws you but does no damage. x2
Snorg bites you. Snorg closely misses you. Snorg claws you! 😮 HP[-16]
You take 16 damage, and now have 39/55 hp.
MASSIVE DAMAGE!! (PAUSE)
Aiming: Airstrike (safe; 1% risk of failure)
Press: ? - help, Q - select action, (/) - cycle Dir - move target, f - Snorg
Aim: Snorg (berserk, empty space bonus: 7/8)
The air twists around and strikes Snorg!!
Snorg bites you but does no damage. Snorg claws you but does no damage.
Snorg closely misses you. 😮 HP[+1] MP[-4]
You lost 4 mp, and now have 25/29 mp.
Aiming: Airstrike (safe; 1% risk of failure)
Press: ? - help, Q - select action, (/) - cycle Dir - move target, f/p - Snorg
Aim: Snorg (lightly wounded, berserk, empty space bonus: 7/8)
The air twists around and strikes Snorg!
Snorg bites you! Snorg claws you but does no damage. Snorg closely misses you.
Snorg barely misses you. x2; Snorg claws you!
* * * LOW HITPOINT WARNING * * *
😨 HP[-21] MP[-4]
You take 21 damage, and now have 19/55 hp.
MASSIVE DAMAGE!! (PAUSE)
You lost 4 mp, and now have 21/29 mp.
You can't see any enemies this would affect, really read the scroll of fear?
Okay, then.
As you read the scroll of teleportation {@r4}, it crumbles to dust.
You feel strangely unstable. Snorg completely misses you. Snorg claws you!
* * * LOW HITPOINT WARNING * * *
Snorg barely misses you. 😱 HP[-8]
You take 8 damage, and now have 11/55 hp.
Snorg is nearby!
Snorg bites you! Elyvilon protects you from harm! Snorg closely misses you.
Snorg claws you!
You die...

Skill      XL: |  1  2  3  4  5  6  7  8  9 10 11 |
---------------+----------------------------------+-----
Conjurations   | 2 3 4 5 |  5.3
Spellcasting   | 4 5 6 7 9 10 12 | 12.4
Air Magic      | 4 5 6 7 9 11 | 11.1
Stealth        | 3 4 |  4.0
Invocations    | 1 3 |  3.6
Armour         | 1 |  1.2
Dodging        | 3 |  3.2
Fire Magic     | 2 4 5 |  5.2
Ice Magic      | 2 4 |  4.7
Fighting       | |  0.8
Axes           | |  0.3

Action                   |  1- 3 |  4- 6 |  7- 9 | 10-12 || total
-------------------------+-------+-------+-------+-------++-------
Melee: Unarmed           |    14 |       |       |       ||    14
       Dagger            |       |       |     4 |       ||     4
       Broad axe         |       |       |       |     6 ||     6
       Hand axe          |       |       |       |    11 ||    11
 Cast: Shock             |    92 |   102 |    82 |    14 ||   290
       Static Discharge  |     3 |    15 |    34 |    20 ||    72
       Airstrike         |       |       |    74 |    85 ||   159
Invok: Heal Self         |       |       |     1 |     4 ||     5
       Purification      |       |       |     1 |     1 ||     2
Evoke: Wand              |       |       |       |     1 ||     1
  Use: Scroll            |       |       |    22 |     6 ||    28
       Potion            |       |       |       |     1 ||     1
Armor: Robe              |     9 |     1 |       |       ||    10
       Leather armour    |       |       |    16 |       ||    16
       Steam dragon scal |       |       |     2 |    25 ||    27
Dodge: Dodged            |    16 |     8 |    40 |    69 ||   133

Levels and vault maps discovered:
D:1:      psy_arrival_radial02, layout_loops_ring, serial_aquarium,
          aquarium_bridge_square [aquarium_subvault_bridge,
          aquarium_subvault_wall, aquarium_subvault_bridge,
          aquarium_subvault_bridge], aquarium_bridge_long_joined
          [aquarium_subvault_bridge, aquarium_subvault_wall,
          aquarium_subvault_wall, aquarium_subvault_wall,
          aquarium_subvault_wall, aquarium_subvault_wall], aquarium_window_1,
          aquarium_window_corner, aquarium_window_1, aquarium_window_fake,
          aquarium_view_2g, aquarium_balcony_5b, aquarium_pool_1,
          shapermc_ecumenical_altar_notcrosses
D:2:      layout_loops_ring, serial_bayou, serial_bayou_ford_a,
          serial_bayou_lake_a, serial_bayou_lagoon_b, serial_bayou_pond_b,
          basic_altar
D:3:      layout_loops_ring
D:4:      layout_loops_corners, minmay_temple_entry_glass, bh_walls_and_bars,
          uniq_duvessa
D:5:      layout_loops_ring
D:6:      layout_basic, serial_shops, nicolae_shop_statue_plus, hex_large
D:7:      layout_basic
D:8:      layout_basic, nzn_life_drinkers, uniq_erica
D:9:      minmay_bloctagon, layout_basic, lightli_fourway_metalbox
D:10:     minmay_the_grid_triangle_9x9_rhombus_full
          [minmay_the_grid_triangle_9x9_empty,
          minmay_the_grid_triangle_9x9_shrine,
          minmay_the_grid_triangle_9x9_steps,
          minmay_the_grid_triangle_9x9_intruding_spiral,
          minmay_the_grid_triangle_9x9_dagger,
          minmay_the_grid_triangle_9x9_thin_v,
          minmay_the_grid_triangle_9x9_cache,
          minmay_the_grid_triangle_9x9_prize_schism], layout_stronghold,
          mainiacjoe_overflow_alcove_2, enter_trove_3, uniq_snorg

Notes
Turn   | Place    | Note
-------+----------+-------------------------------------------
     0 | D:1      | mortz the Deep Elf Air Elementalist began the quest for the
                  | Orb.
     0 | D:1      | Reached XP level 1. HP: 10/10 MP: 6/6
     0 | D:1      | magus.rc [v1.9.6]
     8 | D:1      | You pick up a book of Frost and begin reading...
     8 | D:1      | You add the spells Freeze, Frozen Ramparts and Hailstorm to
                  | your library.
   271 | D:1      | Reached XP level 2. HP: 9/15 MP: 0/8
   344 | D:1      | Learned a level 2 spell: Static Discharge
   457 | D:1      | Found a faded altar of an unknown god.
  1667 | D:2      | Reached XP level 3. HP: 19/19 MP: 6/10
  1936 | D:2      | Reached skill level 2 in Conjurations
  1957 | D:2      | Reached skill level 4 in Spellcasting
  2344 | D:2      | You pick up a book of the Tundra and begin reading...
  2344 | D:2      | You add the spells Ice Form and Simulacrum to your library.
  2404 | D:2      | Reached XP level 4. HP: 24/24 MP: 3/12
  2555 | D:2      | Found a white marble altar of Elyvilon.
  2561 | D:2      | Became a worshipper of Elyvilon the Healer
  2703 | D:3      | Learned a level 4 spell: Airstrike
  3475 | D:3      | Reached skill level 4 in Air Magic
  3682 | D:4      | Reached * piety under Elyvilon
  3731 | D:4      | Found a staircase to the Ecumenical Temple.
  3747 | D:4      | Noticed a scorpion
  3762 | D:4      | Killed a scorpion
  3763 | D:4      | Reached skill level 5 in Spellcasting
  3763 | D:4      | Reached XP level 5. HP: 28/28 MP: 6/14
  3899 | D:4      | Reached skill level 3 in Conjurations
  4086 | D:4      | Noticed Duvessa
  4155 | D:4      | Noticed Dowan
  4162 | D:4      | Killed Dowan
  4163 | D:4      | Reached XP level 6. HP: 32/32 MP: 9/16
  4164 | D:4      | HP: 8/32 [/static electricity (1)]
  4165 | D:4      | HP: 3/32 [/static electricity (2)]
  4165 | D:4      | Killed Duvessa
  4166 | D:4      | Reached skill level 5 in Air Magic
  4578 | D:4      | Identified the +1 leather armour of Zatonuogh {rElec Str-2
                  | Int+5 SInv}
  4596 | D:4      | Reached skill level 3 in Stealth
  4908 | D:4      | Reached skill level 6 in Spellcasting
  5279 | D:5      | Entered Level 5 of the Dungeon
  5466 | D:5      | Reached ** piety under Elyvilon
  5634 | D:5      | Reached XP level 7. HP: 36/36 MP: 13/18
  5765 | D:4      | Reached skill level 4 in Conjurations
  6577 | D:6      | Reached skill level 6 in Air Magic
  6645 | D:6      | Reached skill level 7 in Spellcasting
  6691 | D:6      | Identified the +8 hand axe of Dust {freeze, rC+ Will++}
  6704 | D:6      | Found Cyod's Jewellery Boutique.
  6748 | D:6      | Identified the +8 chain mail of Responsibility {rCorr Str-5
                  | SInv}
  7067 | D:6      | Reached skill level 1 in Invocations
  7119 | D:6      | Reached XP level 8. HP: 34/41 MP: 10/21
  7207 | D:6      | Reached skill level 8 in Spellcasting
  7247 | D:6      | Reached *** piety under Elyvilon
  7481 | D:6      | magus.rc [v1.9.6]
  7652 | D:7      | You fall into a shaft and drop 3 floors!
  7652 | D:10     | Entered Level 10 of the Dungeon
  7652 | D:10     | Noticed a hornet
  7827 | D:9      | Reached skill level 5 in Conjurations
  7830 | D:9      | Reached skill level 7 in Air Magic
  7857 | D:9      | You pick up a book of Scorching and begin reading...
  7857 | D:9      | You add the spells Scorch, Flame Wave and Summon Cactus
                  | Giant to your library.
  7880 | D:9      | Reached skill level 2 in Invocations
  7890 | D:9      | HP: 8/41 [killer bee (8)]
  8134 | D:9      | Reached skill level 1 in Armour
  8134 | D:9      | Reached skill level 9 in Spellcasting
  8230 | D:9      | magus.rc [v1.9.6]
  8271 | D:9      | Reached skill level 3 in Dodging
  8271 | D:9      | Reached skill level 3 in Invocations
  8376 | D:9      | Reached XP level 9. HP: 44/46 MP: 1/24
  8718 | D:8      | Learned a level 4 spell: Flame Wave
  8723 | D:8      | Learned a level 4 spell: Hailstorm
  8826 | D:7      | Reached skill level 8 in Air Magic
  9042 | D:7      | Reached skill level 1 in Fire Magic
  9137 | D:7      | Reached skill level 1 in Ice Magic
  9212 | D:7      | Reached skill level 10 in Spellcasting
 10046 | D:8      | Noticed Erica
 10163 | D:8      | Reached skill level 2 in Fire Magic
 10233 | D:8      | Reached skill level 9 in Air Magic
 10316 | D:8      | Reached **** piety under Elyvilon
 10565 | D:8      | Reached skill level 2 in Ice Magic
 10887 | D:8      | Reached XP level 10. HP: 51/51 MP: 13/26
 10990 | D:7      | HP: 7/51 [yak (7)]
 10994 | D:7      | Reached skill level 3 in Fire Magic
 10997 | D:7      | Reached skill level 10 in Air Magic
 11220 | D:8      | Reached skill level 3 in Ice Magic
 11443 | D:8      | Reached skill level 11 in Spellcasting
 12571 | D:9      | Noticed a two-headed ogre
 12573 | D:9      | Reached skill level 4 in Fire Magic
 12611 | D:10     | Killed a two-headed ogre
 12616 | D:10     | Elyvilon protects you from harm!
 12641 | D:9      | Noticed a deep elf pyromancer
 12809 | D:9      | Reached skill level 4 in Stealth
 12829 | D:9      | Reached skill level 4 in Ice Magic
 13048 | D:9      | Killed a deep elf pyromancer
 13049 | D:9      | Reached skill level 12 in Spellcasting
 13050 | D:9      | Noticed a two-headed ogre
 13054 | D:9      | Killed a two-headed ogre
 13186 | D:9      | HP: 8/51 [troll (7)]
 13414 | D:9      | magus.rc [v1.9.6]
 13587 | D:9      | Reached skill level 11 in Air Magic
 13587 | D:9      | Reached XP level 11. HP: 55/55 MP: 12/29
 14167 | D:10     | Found a staircase to the Lair.
 14191 | D:10     | Reached skill level 5 in Fire Magic
 14425 | D:10     | Noticed Snorg
 14643 | D:10     | Found a portal to a secret trove of treasure.
 14647 | D:10     | This trove requires the presence of the slimy rune of Zot
                  | to function. Show it the item?
 14811 | D:10     | magus.rc [v1.9.6]
 14855 | D:10     | HP: 11/55 [Snorg (8)]
 14856 | D:10     | Elyvilon protects you from harm!
 14856 | D:10     | Slain by Snorg

Vanquished Creatures
  2 two-headed ogres
  A deep elf pyromancer (D:9)
  A hornet (D:9)
  A vampire (D:8)
  A wyvern (D:9)
  A basilisk (D:9)
  14 yaks
  A wraith (D:9)
  2 steam dragons (D:8)
  An acid dragon (D:10)
  3 water moccasins
  Duvessa (D:4)
  2 ice beasts (D:7)
  A black bear (D:6)
  A necrophage (D:7)
  5 orc warriors
  2 ogres
  A hornet zombie (D:9)
  4 centaurs
  A kobold brigand (D:9)
  3 bullfrogs
  A gnoll sergeant (D:9)
  5 scorpions
  Dowan (D:4)
  5 killer bees
  A wight (D:9)
  3 howler monkeys
  A jelly (D:5)
  2 gnoll shamans
  5 hounds
  An orc priest (D:7)
  3 iguanas
  4 orc wizards
  2 hound zombies (D:5)
  4 howler monkey zombies
  11 gnolls
  8 adders
  4 white imps
  An ufetubus (D:6)
  An adder zombie (D:5)
  4 worms
  2 dart slugs
  24 orcs
  5 bats
  9 endoplasms
  5 giant cockroaches
  11 goblins
  5 hobgoblins
  7 quokkas
  8 ball pythons
  4 frilled lizards
  6 kobolds
  4 rats
206 creatures vanquished.

Vanquished Creatures (others)
  A centaur zombie (D:10)
  A slime creature (D:10)
  A wyvern (D:10)
  24 plants (D:2)
27 creatures vanquished.

Grand Total: 233 creatures vanquished

Table legend:
 A = Non-vault XP
 B = Vault XP
 C = Vault XP percentage of total XP
 D = Non-vault monster count
 E = Vault monster count
 F = Vault count percentage of total count
                 A         B        C        D         E       F
            +---------+---------+-------+---------+---------+-------
      Total |    7452 |    4644 |  38.4 |     182 |      24 |  11.7
            +---------+---------+-------+---------+---------+-------
        D:1 |      35 |       0 |   0.0 |      20 |       0 |   0.0
        D:2 |      54 |      11 |  16.9 |      23 |       5 |  17.9
        D:3 |      78 |       0 |   0.0 |      20 |       0 |   0.0
        D:4 |     321 |     214 |  40.0 |      17 |       2 |  10.5
        D:5 |     366 |       0 |   0.0 |      12 |       0 |   0.0
        D:6 |     695 |       0 |   0.0 |      20 |       0 |   0.0
        D:7 |    1745 |       0 |   0.0 |      16 |       0 |   0.0
        D:8 |    2049 |     220 |   9.7 |      15 |       1 |   6.2
        D:9 |     917 |    3372 |  78.6 |      21 |      15 |  41.7
       D:10 |    1192 |     827 |  41.0 |      18 |       1 |   5.3
            +---------+---------+-------+---------+---------+-------

Illustrated notes

Table legend:
 A = Kills in this place as a percentage of kills in entire the game.
 B = Kills by you in this place as a percentage of kills by you in the entire game.
 C = Kills by friends in this place as a percentage of kills by friends in the entire game.
 D = Other kills in this place as a percentage of other kills in the entire game.
 E = Experience gained in this place as a percentage of experience gained in the entire game.
 F = Experience gained in this place divided by the number of levels of this place that you have seen.
                   A       B       C       D       E      F
               +-------+-------+-------+-------+-------+----------------------
         Total | 100.0 | 100.0 |   N/A |   N/A | 100.0 | 1209.6
       Dungeon | 100.0 | 100.0 |   N/A |   N/A | 100.0 | 1209.6
               +-------+-------+-------+-------+-------+----------------------

Table legend: (Time is in decaauts)
 A = Elapsed time spent in this place.
 B = Non-inter-level travel time spent in this place.
 C = Inter-level travel time spent in this place.
 D = Time resting spent in this place.
 E = Time spent auto-exploring this place.
 F = Levels seen in this place.
 G = Mean time per level.
                   A        B        C        D        E       F      G
               +--------+--------+--------+--------+--------+-----+--------+
         Total |  14931 |  14530 |    401 |   3705 |   8834 |  10 | 1493.1 |
       Dungeon |  14931 |  14530 |    401 |   3705 |   8834 |  10 | 1493.1 |
               +--------+--------+--------+--------+--------+-----+--------+

Top non-repeatable levels by time:
     D:8: 2014 daAuts
     D:9: 1919 daAuts
     D:4: 1699 daAuts
     D:7: 1659 daAuts
     D:1: 1656 daAuts
    D:10: 1604 daAuts
     D:6: 1214 daAuts
     D:5: 1128 daAuts
     D:2: 1078 daAuts
     D:3: 957 daAuts
